 Dungeon Crawl Stone Soup version 0.17.0-1-g61d176b (webtiles) character file.

11175 UristPineapples the Grappler (level 11, -3/109 HPs)
             Began as a Troll Monk on Nov 7, 2015.
             Was the Champion of Zin.
             Slain by a wolf (10 damage)
             ... on level 1 of the Lair of Beasts.
             The game lasted 00:38:36 (11405 turns).

UristPineapples the Grappler (Troll Monk)          Turns: 11405, Time: 00:38:36

Health: -3/109     AC:  5    Str: 29    XL:     11   Next: 45%
Magic:  16/16      EV: 12    Int:  6    God:    Zin [******]
Gold:   1232       SH:  0    Dex: 12    Spells: 1 memorised, 7 levels left

rFire  + . .     SeeInvis +       - Unarmed
rCold  . . .     Clarity  .     h - +0 robe {rF+}
rNeg   . . .     SustAt   .     (no shield)
rPois  +         Gourm    +     (helmet restricted)
rElec  .         Spirit   .     (no cloak)
rCorr  .         Warding  .     (gloves unavailable)
rMut   .         Stasis   .     (boots unavailable)
MR     .....                    u - amulet of rage
Stlth  ++........               H - ring of poison resistance
                                p - ring of see invisible

@: mighty, not resistant to hostile enchantments, unstealthy
A: unfitting armour, claws 3, fast metabolism 3, gourmand, regeneration 2,
shaggy fur 1, tough skin 2
a: Recite, Vitalisation, Imprison, Sanctuary, Donate Gold, Cure All Mutations,
Renounce Religion, Evoke Berserk Rage


You were on level 1 of the Lair of Beasts.
You worshipped Zin.
Zin was exalted by your worship.
You were very full.

You visited 4 branches of the dungeon, and saw 16 of its levels.
You also visited: Sewer and Bailey.

You collected 1368 gold pieces.
You donated 136 gold pieces to Zin.

Inventory:

Missiles
 g - 18 poisoned needles
 C - 11 tomahawks of returning (quivered)
Armour
 h - a +0 robe of fire resistance (worn)
Jewellery
 p - a ring of see invisible (left claw)
 u - an amulet of rage (around neck)
 H - a ring of poison resistance (right claw)
Wands
 y - a wand of digging (8)
 B - a wand of fire (0)
 F - a wand of magic darts (17)
Scrolls
 i - 5 scrolls of teleportation
 j - 2 scrolls of fog
 k - a scroll of remove curse
 l - a scroll of immolation
 o - a scroll of fear
 q - a scroll of acquirement
 t - 4 scrolls of amnesia
 w - a scroll of noise
 E - a scroll of blinking {unknown}
Potions
 d - 3 potions of flight
 e - 2 potions of magic
 f - a potion of might
 m - a potion of brilliance
 n - 2 potions of curing
Books
 A - a book of Changes

   Spells                             Type                      Level
   a - Beastly Appendage              Transmutation                1
   b - Sticks to Snakes               Transmutation                2
   c - Spider Form                    Transmutation/Poison         3
   d - Ice Form                       Ice/Transmutation            4
   e - Blade Hands                    Transmutation                5
   Zin disapproves of the use of such an item.
 G - a book of Burglary

   Spells                             Type                      Level
   a - Swiftness                      Charms/Air                   2
   b - Passwall                       Transmutation/Earth          3
   c - Passage of Golubria            Translocation                4
   d - Lee's Rapid Deconstruction     Earth                        5
   e - Darkness                       Hexes                        6
   f - Invisibility                   Hexes                        6
Miscellaneous
 a - a plain deck of changes {the Potion}
Comestibles
 b - 8 bread rations
 c - 3 royal jellies
 v - 3 meat rations
 x - 6 beef jerkies


   Skills:
 - Level 7.3 Fighting
 * Level 2.2 Armour
 - Level 6.7 Dodging
 - Level 1.1 Stealth
 + Level 11.7 Unarmed Combat
 - Level 8.2 Invocations


You had 7 spell levels left.
You knew the following spells:

 Your Spells              Type           Power        Failure   Level  Hunger
a - Passwall              Trmt/Erth      #.........   97%         3    ####...


Dungeon Overview and Level Annotations

Branches:
Dungeon (10/15)            Temple (1/1) D:7            Lair (1/8) D:8
    Orc (4/4) D:9             Elf (0/3) Orc:4

Altars:
Ashenzari
Elyvilon
Fedhas
Kikubaaqudgha
Makhleb
Nemelex Xobeh
Ru
Trog
Vehumet
Xom
Yredelemnul
Zin
The Shining One

Shops:
D:4 (%:   D:7 (   Orc:1 (

Annotations:
D:8 1 runed door
Orc:2 exclusion: oklob plant


Innate Abilities, Weirdness & Mutations

You are too large for most types of armour.
You have claws for hands.
Your metabolism is lightning-fast.
You like to eat raw meat.
You heal very quickly.
You are covered in fur (AC +1).
You have very tough skin (AC +2).


Message History

The wolf bites you. The wolf bites you! The wolf misses you.
The wolf bites you. The wolf barely misses you. The wolf barely misses you.
The wolf bites you!
* * * LOW HITPOINT WARNING * * *
Drink which item? (? for menu, Esc to quit)
You feel very mighty all of a sudden. The wolf bites you.
* * * LOW HITPOINT WARNING * * *
The wolf bites you!
* * * LOW HITPOINT WARNING * * *
The wolf bites you!
* * * LOW HITPOINT WARNING * * *
You are too injured to fight recklessly!
You are too injured to fight recklessly!
You are too injured to fight recklessly!
You are too injured to fight recklessly!
You fail to use your ability.
The wolf bites you.
* * * LOW HITPOINT WARNING * * *
The wolf bites you but does no damage. The wolf bites you!
You die...

....#........##.....#.##
...........####.....#.P#
.......................
.....................#
####.............#..###
####..................#
.........=..#)...##....
####........#....# .. #
#.............@## ...
#..##..##..##.##hh##..##
..............#.hh.....#
........................#
.........................
..............#........#.
#.###.#####.#.#........#
#. #. ###.....>...... #
##...........


You could see 4 wolves.

Vanquished Creatures
  An orc warlord (Bailey)
  An orc knight (Orc:4)
  A centaur zombie (D:9)
  2 yaks (D:10)
  Sigmund (D:2)
  2 hippogriffs (Lair:1)
  2 wyverns
  3 fire bats (Orc:1)
  A soldier ant (D:8)
  5 wargs
  A wolf (D:10)
  2 water moccasins
  A porcupine (Lair:1)
  An ice beast (D:8)
  A mottled dragon (D:9)
  13 orc warriors
  A sky beast (D:9)
  8 ogres
  4 phantoms
  2 black bears
  3 centaurs
  3 big kobolds (Sewer)
  4 giant frogs
  2 gnoll sergeants (D:5)
  A wyvern zombie (D:7)
  A scorpion (D:9)
  11 killer bees
  5 wights (D:6)
  4 crimson imps
  A jelly (D:8)
  2 giant frog skeletons (D:8)
  7 iguanas
  12 orc priests
  2 hounds
  Terence (D:2)
  26 orc wizards
  Natasha (D:2)
  8 worker ants
  A hound skeleton (D:10)
  2 worker ant zombies
  Robin (D:3)
  4 river rats (D:3)
  13 adders
  9 gnolls
  4 shadow imps
  6 oozes
  2 adder zombies (D:6)
  5 worms
  3 adder skeletons
  132 orcs
  6 ball pythons
  4 bats
  13 giant cockroaches
  20 goblins
  11 hobgoblins
  9 jackals
  3 quokkas
  4 giant geckos
  3 giant newts
  22 kobolds
  A quokka skeleton (D:6)
  A quokka zombie (D:7)
  7 rats
433 creatures vanquished.

Vanquished Creatures (others)
  A killer bee (D:7)
  An orc wizard (Orc:4)
  A plant (D:3)
3 creatures vanquished.

Grand Total: 436 creatures vanquished

Notes
Turn   | Place    | Note
--------------------------------------------------------------
     0 | D:1      | UristPineapples the Troll Monk began the quest for the Orb.
     0 | D:1      | Reached XP level 1. HP: 22/22 MP: 0/0
   124 | D:1      | Reached XP level 2. HP: 29/29 MP: 1/1
   684 | D:1      | You fall through a shaft!
   695 | D:2      | Reached skill level 5 in Unarmed Combat
   695 | D:2      | Reached XP level 3. HP: 24/36 MP: 2/2
  1060 | D:2      | Noticed Natasha
  1068 | D:2      | Killed Natasha
  1068 | D:2      | Reached XP level 4. HP: 31/44 MP: 3/3
  1094 | D:2      | Noticed Sigmund
  1147 | D:2      | Killed Sigmund
  1147 | D:2      | Reached skill level 7 in Unarmed Combat
  1147 | D:2      | Reached XP level 5. HP: 15/50 MP: 4/4
  1242 | D:2      | Noticed Terence
  1247 | D:2      | Killed Terence
  1247 | D:2      | Reached XP level 6. HP: 56/59 MP: 5/5
  1800 | D:3      | Reached skill level 8 in Unarmed Combat
  1828 | D:3      | Found a burning altar of Makhleb.
  1905 | D:3      | Found a faded altar to an unknown god.
  2174 | D:3      | Noticed Robin
  2187 | D:3      | Killed Robin
  2524 | D:4      | Found a glowing drain.
  2537 | Sewer    | Entered a sewer
  2562 | Sewer    | Reached XP level 7. HP: 66/66 MP: 6/6
  2769 | Sewer    | Reached skill level 9 in Unarmed Combat
  2909 | D:4      | Found Tauf's Food Boutique.
  2913 | D:4      | Found Viynt's Book Shop.
  3082 | D:4      | Found Dosug's Weapon Emporium.
  3242 | D:5      | Entered Level 5 of the Dungeon
  3471 | D:5      | Reached XP level 8. HP: 73/76 MP: 7/7
  3584 | D:5      | Found a sacrificial altar of Ru.
  3749 | D:5      | Reached skill level 10 in Unarmed Combat
  3901 | D:5      | Found a sparkling altar of Nemelex Xobeh.
  3901 | D:5      | Found a white marble altar of Elyvilon.
  3901 | D:5      | Found a glowing silver altar of Zin.
  3980 | D:5      | Became a worshipper of Zin the Law-Giver
  3980 | D:5      | Reached * piety under Zin
  3980 | D:5      | Reached ** piety under Zin
  4041 | D:6      | Reached *** piety under Zin
  4457 | D:6      | Reached XP level 9. HP: 49/85 MP: 8/8
  4472 | D:6      | Reached skill level 11 in Unarmed Combat
  4770 | D:6      | Reached skill level 5 in Fighting
  4954 | D:7      | Reached **** piety under Zin
  4962 | D:7      | Found Miroisko's Weapon Shop.
  5016 | D:7      | Found a staircase to the Ecumenical Temple.
  5068 | Temple   | Entered the Ecumenical Temple
  5269 | D:7      | Found an ancient bone altar of Kikubaaqudgha.
  5319 | D:7      | Found a blossoming altar of Fedhas.
  5458 | D:8      | Found a basalt altar of Yredelemnul.
  5460 | D:8      | Noticed a profane servitor
  5469 | D:8      | Found a glowing golden altar of the Shining One.
  5471 | D:8      | Noticed an angel
  5512 | D:8      | Found a flagged portal.
  5537 | Bailey   | Entered a bailey
  5542 | Bailey   | Noticed an orc warlord
  5744 | Bailey   | Found a runed gate.
  5746 | Bailey   | Found a runed gate.
  5748 | Bailey   | Found a runed gate.
  5761 | Bailey   | Reached skill level 1 in Invocations
  5855 | Bailey   | Killed an orc warlord
  5855 | Bailey   | Reached skill level 5 in Dodging
  5855 | Bailey   | Reached XP level 10. HP: 66/98 MP: 9/12
  5905 | D:8      | Found a staircase to the Lair.
  6226 | D:8      | Found a runed door.
  6229 | D:8      | Found a runed door.
  6454 | D:8      | Reached ***** piety under Zin
  6557 | D:8      | Learned a level 3 spell: Passwall
  6596 | D:8      | Reached skill level 5 in Invocations
  6727 | D:9      | Found a bloodstained altar of Trog.
  6925 | D:9      | Found a staircase to the Orcish Mines.
  6952 | D:9      | Found a radiant altar of Vehumet.
  7129 | D:9      | Found a shimmering altar of Xom.
  7510 | D:9      | Found a shattered altar of Ashenzari.
  7769 | D:10     | Entered Level 10 of the Dungeon
  7986 | D:10     | Noticed a hill giant
  7987 | D:10     | Noticed a centaur warrior
  8035 | Orc:1    | Entered Level 1 of the Orcish Mines
  8053 | Orc:1    | Found Lesoicsi's Antique Weapon Boutique.
  8302 | Orc:1    | Reached XP level 11. HP: 57/107 MP: 15/15
  8324 | Orc:1    | Found a dark tunnel.
  9107 | Orc:2    | Reached ****** piety under Zin
 10066 | Orc:4    | Entered Level 4 of the Orcish Mines
 10345 | Orc:4    | Found a staircase to the Elven Halls.
 10961 | Orc:3    | Reached skill level 1 in Armour
 11144 | Lair:1   | Entered Level 1 of the Lair of Beasts
 11226 | Lair:1   | Identified a scroll of acquirement
 11405 | Lair:1   | Slain by a wolf

Action                   |  1- 3 |  4- 6 |  7- 9 | 10-12 || total
-------------------------+-------+-------+-------+-------++-------
Melee: Unarmed           |    69 |   145 |   328 |   596 ||  1138
Throw: Tomahawk          |       |       |     9 |       ||     9
Invok: Recite            |       |       |    10 |    11 ||    21
 Abil: Evoke Berserk Rag |       |       |       |     2 ||     2
Evoke: Wand              |       |       |     2 |     2 ||     4
  Use: Scroll            |     7 |     3 |     7 |     4 ||    21
       Potion            |       |     5 |     6 |     7 ||    18
 Stab: Sleeping          |       |       |     5 |     2 ||     7
       Invisible         |       |       |     1 |     5 ||     6
       Paralysed         |       |       |       |     5 ||     5
       Confused          |       |       |       |     2 ||     2
  Eat: Chunk             |    15 |    14 |    20 |    40 ||    89
       Fruit             |       |       |     1 |    11 ||    12
       Bread ration      |       |       |     1 |       ||     1
       Meat ration       |       |       |       |     1 ||     1
       Royal jelly       |       |       |       |     1 ||     1
